 Dungeon Crawl Stone Soup version 0.25.0-10-g039870ee82 (webtiles) character file.

Game seed: 14373419765948601682

3 DeadF the Vexing (level 1, 0/7 HPs)
             Began as a Felid Enchanter on June 22, 2020.
             Slain by a ball python (1 damage)
             ... on level 1 of the Dungeon.
             The game lasted 00:00:14 (48 turns).

DeadF the Vexing (Felid Enchanter)                    Turns: 48, Time: 00:00:14

Health: 0/7        AC:  1    Str:  4    XL:     1   Next: 41%
Magic:  4/4        EV: 15    Int: 16    God:
Gold:   0          SH:  0    Dex: 16    Spells: 3/4 levels left
                                        Lives:  0   Deaths: 0

rFire    . . .     SeeInvis +     - Unarmed
rCold    . . .     Gourm    .   (shield unavailable)
rNeg     . . .     Faith    .   (armour unavailable)
rPois    .         Spirit   .   (helmet unavailable)
rElec    .         Reflect  .   (cloak unavailable)
rCorr    .         Harm     .   (gloves unavailable)
MR       .....                  (boots unavailable)
Stlth    +++.......             (no amulet)
HPRegen  0.02/turn              (no ring)
MPRegen  0.09/turn              (no ring)

@: constricted, quick
A: very small, no armour, no weapons or thrown items, stealth, claws 1, fangs 3,
see invisible, carnivore, speed 1, shaggy fur 1, slow metabolism 1, sharp paws
a: no special abilities


You were on level 1 of the Dungeon.
You were full.

You visited 1 branch of the dungeon, and saw 1 of its levels.

Inventory:

Comestibles
 b - a ration


   Skills:
 + Level 2.9 Dodging
 + Level 4.2 Stealth
 - Level 1.0 Unarmed Combat
 - Level 2.0 Spellcasting
 - Level 4.4 Hexes


You had 3 spell levels left.
You knew the following spells:

 Your Spells              Type           Power        Failure   Level  Hunger
a - Corona                Hex            ###....      3%          1    #......

Your spell library contained the following spells:

 Spells                   Type           Power        Failure   Level  Hunger
 Confusing Touch          Hex            ###.....     11%         3    ###....
 Tukima's Dance           Hex            ###.....     11%         3    ###....
 Ensorcelled Hibernation  Hex/Ice        #.....       13%         2    ###....
 Dazzling Flash           Conj/Hex       #.....       26%         3    ###....


Dungeon Overview and Level Annotations

Branches:
Dungeon (1/15)

Altars:


Innate Abilities, Weirdness & Mutations

You cannot wear armour.
You are incapable of wielding weapons or throwing items.
Your paws allow you to move quietly. (Stealth)
You have sharp claws.
You have razor-sharp teeth.
You have supernaturally acute eyesight. (SInv)
You are carnivorous and can eat meat at any time.
You cover ground quickly.
You are covered in fur. (AC +1)
You have a slow metabolism.
Your sharp claws are effective at attacking unaware monsters.


Message History

The ball python grabs you. The ball python constricts you.
You scratch the dart slug.
The dart slug is moderately wounded.
The bat closely misses you. The ball python completely misses you.
The ball python constricts you. The dart slug completely misses you.
You scratch the dart slug.
The dart slug is heavily wounded.
The bat barely misses you. The ball python barely misses you.
* * * LOW HITPOINT WARNING * * *
The ball python constricts you.
You scratch the dart slug but do no damage.
The dart slug is heavily wounded.
The bat barely misses you. The ball python misses you.
* * * LOW HITPOINT WARNING * * *
The ball python constricts you. The dart slug barely misses you.
You scratch the dart slug.
The dart slug is almost dead.
The bat misses you. The bat barely misses you.
The ball python bites you but does no damage.
You die...

.. #.###### .# K..
#.....># #.# .#
#..#######.# #.###.#
#..### #.####.##..#
##....(###.........##
#.......÷...........
.####..#######....#
.#####...######.##†##
.......^......b@w=..#
..#####......##S###.#
####.#.#.b# ##
#.#....# . ......
#...$.... #$..##...#
... #####


You could see a dart slug, 2 bats and a ball python.

Vanquished Creatures
  2 goblins (D:1)
  A rat (D:1)
3 creatures vanquished.

Notes
Turn   | Place    | Note
-------+----------+-------------------------------------------
     0 | D:1      | DeadF the Felid Enchanter began the quest for the Orb.
     0 | D:1      | Reached XP level 1. HP: 7/7 MP: 4/4
    48 | D:1      | Slain by a ball python

Illustrated notes

Levels and vault maps discovered:
D:1:      saegor_arrival_simple_d, layout_rooms, serial_glass, glass_columns_a,
          glass_columns_b, glass_columns_a, glass_columns_a,
          kennysheep_another_room

Action                   || total
-------------------------++-------
Melee: Unarmed           ||     7
 Stab: Sleeping          ||     1
  Eat: Chunk             ||     3
Armor: Skin              ||     2
Dodge: Dodged            ||    24
